 Dungeon Crawl Stone Soup version 0.19-a0-867-g949743d (webtiles) character file.

51 matakusis the Ducker (level 3, -3/28 HPs)
             Began as a Demonspawn Gladiator on July 3, 2016.
             Slain by Sigmund
             ... wielding a +0 scythe
              (6 damage)
             ... on level 2 of the Dungeon.
             The game lasted 00:03:43 (906 turns).

matakusis the Ducker (Demonspawn Gladiator)          Turns: 906, Time: 00:03:43

Health: -3/28      AC:  4    Str: 15    XL:     3   Next: 58%
Magic:  0/3        EV: 19    Int:  9    God:
Gold:   147        SH:  0    Dex: 19    Spells: 0 memorised, 2 levels left

rFire  . . .     SeeInvis .     a - +0 long sword
rCold  . . .     Gourm    .     b - +0 leather armour
rNeg   . . .     Faith    .     (no shield)
rPois  .         Spirit   +     c - +0 helmet
rElec  .         Dismiss  .     (no cloak)
rCorr  .         Reflect  .     (no gloves)
SustAt .         Harm     .     (no boots)
MR     .....                    (no amulet)
Stlth  ++........               (no ring)
                                (no ring)

@: agile, not resistant to hostile enchantments, unstealthy
A: powered by pain 1, magic shield
a: no special abilities


You were on level 2 of the Dungeon.
You were not hungry.

You visited 1 branch of the dungeon, and saw 2 of its levels.

You collected 147 gold pieces.

Inventory:

Hand Weapons
 a - a +0 long sword (weapon)
Missiles
 d - 3 throwing nets (quivered)
Armour
 b - a +0 leather armour (worn)
 c - a +0 helmet (worn)
Scrolls
 h - a scroll of enchant weapon {unknown}
 j - a scroll of random uselessness {unknown}
 l - a scroll of identify {unknown}
Potions
 e - a potion of invisibility {unknown}
 k - a potion of ambrosia {unknown}
Comestibles
 f - a bread ration
 i - a slice of pizza


   Skills:
 * Level 2.3 Fighting
 + Level 3.0 Long Blades
 - Level 1.7 Throwing
 * Level 3.8 Dodging


You had 2 spell levels left.
You didn't know any spells.

Dungeon Overview and Level Annotations

Branches:
Dungeon (2/15)

Altars:
Jiyva

Annotations:
D:2 Sigmund


Innate Abilities, Weirdness & Mutations

You sometimes gain a little power by taking damage.
When hurt, damage is shared between your health and your magic reserves.


Message History

Deactivating autopickup; reactivate with Ctrl-A.
The ooze hits you but does no damage.
You hit the ooze.
The ooze is heavily wounded.
Something barely misses you. The ooze closely misses you.
You riposte.
You slash the ooze!
You kill the ooze!
Your Long Blades skill increases to level 3!
Unknown command.
Something hits you!
You focus on the pain.
You feel agile all of a sudden.
You barely miss something. Something hits you!
* * * LOW HITPOINT WARNING * * *
Unknown command.
You hit something. Something barely misses you.
Unknown command.
You hit something.
Okay, then.
You completely miss something. Something hits you!
You die...

#.# #.# #.#
####.## ### #.#
#.....# ...#.#
#.....#
###.#.###.....#
#............##
#.#.#(########
#.#'#####
#..@)...#
#..{.......
#..........
#.#+##..... ..
..... ### ####


There were no monsters in sight!

Vanquished Creatures
  2 oozes (D:2)
  A worm (D:2)
  3 giant geckos (D:1)
  A ball python (D:1)
  3 giant cockroaches
  4 goblins (D:1)
  5 hobgoblins (D:1)
  3 bats (D:1)
  5 giant newts
  6 kobolds
  5 rats (D:1)
38 creatures vanquished.

Notes
Turn   | Place    | Note
-------+----------+-------------------------------------------
     0 | D:1      | matakusis the Demonspawn Gladiator began the quest for the Orb.
     0 | D:1      | Reached XP level 1. HP: 16/16 MP: 1/1
   134 | D:1      | Found a viscous altar of Jiyva.
   134 | D:1      | Noticed a jelly
   134 | D:1      | Noticed a jelly
   134 | D:1      | Noticed a jelly
   134 | D:1      | Noticed a jelly
   134 | D:1      | Noticed a jelly
   134 | D:1      | Noticed a jelly
   135 | D:1      | Noticed a jelly
   138 | D:1      | Noticed a jelly
   156 | D:1      | Gained mutation: You sometimes gain a little power by taking damage. [demonic ancestry]
   156 | D:1      | Reached XP level 2. HP: 22/22 MP: 2/2
   525 | D:1      | Gained mutation: When hurt, damage is shared between your health and your magic reserves. [demonic ancestry]
   525 | D:1      | Reached XP level 3. HP: 18/27 MP: 3/3
   895 | D:2      | Noticed Sigmund
   906 | D:2      | Slain by Sigmund

Vault maps used:
D:1:      erik_arrival_cave_to_civilisation, minmay_misc_feat_tower
D:2:      uniq_sigmund, uniq_terence

Skill      XL: |  1  2  3 |
---------------+----------+-----
Dodging        | 3 |  3.8
Long Blades    | 3 |  3.0
Fighting       | |  2.3
Throwing       | |  1.7

Action                   || total
-------------------------++-------
Melee: Long sword        ||   101
 Stab: Sleeping          ||     1
Armor: Leather armour    ||    21
Dodge: Dodged            ||    70
